[Event "*** Titled Tuesday 3|2 Blitz"]
[Site "Chess.com"]
[Date "2016.09.06"]
[Round "3"]
[White "Rumpel-VK"]
[Black "andryusha"]
[Result "1-0"]
[WhiteElo "2441"]
[BlackElo "2182"]
[TimeControl "180+2"]
[EndTime "17:31:51 PDT"]
[Termination "Rumpel-VK won by checkmate"]

1. e4 c5 2. g3 d5 3. exd5 Qxd5 4. Nf3 Bg4 5. Bg2 Qe4+ 6. Kf1 Nc6 7. d3 O-O-O 8. h3 Bh5 9. Nc3 Qe6 10. Ng5 Bxd1 11.
Nxe6 fxe6 12. Nxd1 g6 13. Bxc6 bxc6 14. Be3 Bg7 15.
Bxc5 Kb7 16. Kg2 Rd5 17. Bb4 Rb5 18. Bc3 Bxc3 19. Nxc3 Rxb2 20. Rab1 Rxb1 21. Rxb1+ Kc7 22. Ne4 Nf6 23. Ng5 Nd5 24. Nxe6+ Kd6 25. Ng5 Rc8 26.
Ne4+ Ke5 27. Rb7 a5 28. c4 Nb4 29. Rxe7+ Kd4 30. Rd7+ Ke5 31. f4+ Ke6 32. Nc5+ Kf6 33. Rxh7 Nxa2 34. g4 g5 35. f5 Ra8 36. Nd7# 1-0

[Event "*** Titled Tuesday 3|2 Blitz"]
[Site "Chess.com"]
[Date "2016.09.06"]
[Round "3"]
[White "DeviatkinAndrey"]
[Black "NTBT_DHS"]
[Result "1-0"]
[WhiteElo "2596"]
[BlackElo "2530"]
[TimeControl "180+2"]
[EndTime "17:31:52 PDT"]
[Termination "DeviatkinAndrey won by checkmate"]

1. e4 g6 2. f4 d5 3. d3 e5 4.
Nc3 Bb4 5. Bd2 d4 6. Nce2 Bxd2+ 7. Qxd2 Nc6 8. g3 Nf6 9. h3 O-O 10. Bg2 Nh5 11. Nf3 f5 12. exf5 exf4 13. g4 Ng3 14.
Nxg3 fxg3 15. O-O-O gxf5 16. gxf5 Bxf5 17. Rhg1 Qd6 18.
Nh4 Rae8 19. Qg5+ Bg6 20. Be4 Rf2 21. Rxg3 Nb4 22. Nxg6 Rxc2+ 23. Kb1 hxg6 24. Bxg6 Re5 25. Bf5+ Kf8 26. Qg8+ Ke7 27. Rg7+ Kf6 28. Qf7# 1-0

[Event "*** Titled Tuesday 3|2 Blitz"]
[Site "Chess.com"]
[Date "2016.09.06"]
[Round "3"]
[White "BellJackson95"]
[Black "CraiggoryC"]
[Result "0-1"]
[WhiteElo "2148"]
[BlackElo "2035"]
[TimeControl "180+2"]
[EndTime "17:31:53 PDT"]
[Termination "CraiggoryC won by checkmate"]

1. e4 e6 2. d4 d5 3. Nc3 Bb4 4. e5 c5 5. a3 Bxc3+ 6. bxc3 Ne7 7. Qg4 Qc7 8. Qxg7 Rg8 9. Qxh7 cxd4 10. Ne2 Nbc6 11.
f4 Bd7 12. Qd3 dxc3 13. Qxc3 O-O-O 14. Ng3 Kb8 15. Rb1 Nf5 16. Nxf5 exf5 17. Be3 d4 18.
Bxd4 Nxd4 19. Qxd4 Bb5 20. Qb4 Qxc2 21. Bxb5 Rxg2 22.
Rf1 Rgd2 23. Ba4 Rd1+ 24. Rxd1 Rxd1# 0-1

[Event "*** Titled Tuesday 3|2 Blitz"]
[Site "Chess.com"]
[Date "2016.09.06"]
[Round "3"]
[White "hypert"]
[Black "OparinGrigoriy"]
[Result "0-1"]
[WhiteElo "2324"]
[BlackElo "2600"]
[TimeControl "180+2"]
[EndTime "17:32:04 PDT"]
[Termination "OparinGrigoriy won by resignation"]

1. e4 c5 2. Nf3 d6 3. d4 cxd4 4.
Nxd4 Nf6 5. Nc3 a6 6. Be2 e5 7. Nb3 Be7 8. O-O O-O 9. Bf3 Be6 10. Re1 Nbd7 11. a4 Rc8 12. a5 Re8 13. Be3 h6 14. h3 Nh7 15. Bg4 Bxg4 16. Qxg4 Bg5 17. Qd1 Rc6 18.
Nd5 Bxe3 19. Nxe3 Ndf6 20. Qd3 Ng5 21. Nd2 Ne6 22. c4 Nf4 23. Qb3 Qd7 24. Nd5 N6xd5 25. exd5 Rcc8 26. Rac1 f5 27. Nf1 e4 28. Rc3 Nd3 29.
Re2 Rc5 30. Qa3 Rec8 31. Nd2 Ne5 32. b4 R5c7 33. Qb3 Qf7 34. b5 Qd7 35. Qc2 axb5 36.
Ree3 bxc4 37. Re1 Qb5 38. Rb1 Qxa5 39. Nf1 Qxd5 40. Ng3 Qe6 41. Qd2 Nd3 42. Ra3 c3 43. Qc2 d5 44. Ne2 Qf6 45. Rab3 d4 46. Rxb7 Rxb7 47.
Rxb7 Kh7 48. Rd7 Nb4 49. Qb3 d3 50. Qxb4 dxe2 51. Qb1 c2 52. Qc1 e1=Q+ 53. Qxe1 c1=Q 0-1

[Event "*** Titled Tuesday 3|2 Blitz"]
[Site "Chess.com"]
[Date "2016.09.06"]
[Round "3"]
[White "Elshan1985"]
[Black "Kouzari"]
[Result "1-0"]
[WhiteElo "2591"]
[BlackElo "2467"]
[TimeControl "180+2"]
[EndTime "17:32:12 PDT"]
[Termination "Elshan1985 won by checkmate"]

1. d4 Nf6 2. Nf3 e6 3. Bf4 b6 4. e3 Bb7 5. c4 c5 6. d5 exd5 7. Nc3 dxc4 8. Bxc4 Be7 9. Nb5 O-O 10. Nc7 Nh5 11.
Bd6 Bxd6 12. Qxd6 Bxf3 13. gxf3 Qh4 14. Rc1 Nc6 15. Nxa8 Rxa8 16. Rg1 Re8 17. Rc3 Nd4 18. Qd5 Rf8 19. exd4 Qxh2 20. Qg5 Re8+ 21. Re3 Rxe3+ 22. fxe3 h6 23. Qg2 Qd6 24. Qg4 cxd4 25. Bxf7+ Kf8 26.
Bxh5 Qb4+ 27. Kf1 Qb5+ 28. Kg2 dxe3 29. Qf4+ Kg8 30. Qf7+ Kh8 31. Qe8+ Kh7 32. Bg6# 1-0

[Event "*** Titled Tuesday 3|2 Blitz"]
[Site "Chess.com"]
[Date "2016.09.06"]
[Round "3"]
[White "Yaacovn"]
[Black "beastfromweast"]
[Result "1-0"]
[WhiteElo "2619"]
[BlackElo "2307"]
[TimeControl "180+2"]
[EndTime "17:32:14 PDT"]
[Termination "Yaacovn won by resignation"]

1. d4 d5 2. Nf3 e6 3. Bf4 Nf6 4. e3 Nbd7 5. Nbd2 c5 6. c3 Be7 7.
Bd3 O-O 8. Ne5 Nxe5 9. Bxe5 Nd7 10. Bg3 b6 11. O-O Bb7 12. Nf3 g6 13. Ne5 Bf6 14. f4 Nxe5 15. fxe5 Bg7 16. Qe2 c4 17. Bc2 b5 18. e4 b4 19. Rf2 a5 20. Ba4 Rc8 21.
Raf1 dxe4 22. Bc2 Qd7 23. Bxe4 Bxe4 24. Qxe4 a4 25. cxb4 Rc7 26. a3 Qb5 27. Rf3 Bh6 28. Be1 Bc1 29. Bc3 Bh6 30. Rh3 Bg7 31. Qh4 h6 32.
Bd2 h5 33. g4 Rd8 34. Qxd8+ 1-0

[Event "*** Titled Tuesday 3|2 Blitz"]
[Site "Chess.com"]
[Date "2016.09.06"]
[Round "3"]
[White "Kawhi_Leonard2"]
[Black "saraswathii"]
[Result "1/2-1/2"]
[WhiteElo "2024"]
[BlackElo "2119"]
[TimeControl "180+2"]
[EndTime "17:32:18 PDT"]
[Termination "Game drawn by agreement"]

1. e4 c5 2. Nf3 e6 3. d4 cxd4 4.
Nxd4 Nf6 5. Nc3 Nc6 6. Ndb5 Bb4 7. a3 Bxc3+ 8. Nxc3 d5 9. exd5 exd5 10. Bd3 d4 11.
Ne2 O-O 12. O-O Bg4 13. h3 Bxe2 14. Qxe2 Qd5 15. Bd2 Rfe8 16. Qd1 Ne5 17. Bf4 Nxd3 18. Qxd3 Rac8 19. Rfe1 Re4 20. Bg3 h6 21. f3 Rxe1+ 22. Rxe1 Qc4 23. Qxc4 Rxc4 24. Re2 Nd5 25. Bf2 Nf4 26.
Rd2 Ne6 27. b3 Rc6 28. Bxd4 Nxd4 29. Rxd4 Rxc2 30. Rd8+ Kh7 31. Rd7 Ra2 32. a4 b6 33.
Rxf7 Rb2 34. Rxa7 Rxb3 35. Kh2 Ra3 36. h4 b5 37. a5 b4 38. Kg3 b3 39. Rb7 Rxa5 40.
Rxb3 Ra7 41. Rb6 Rf7 42. h5 Rf5 43. Kg4 Rg5+ 44. Kh3 Rxh5+ 45. Kg3 Rg5+ 46. Kf2 Rc5 47. g4 Rc7 48. Kg3 Rf7 49. Ra6 Rb7 50. Rc6 Rf7 51. Rd6 Re7 52. Rc6 1/2-1/2

[Event "*** Titled Tuesday 3|2 Blitz"]
[Site "Chess.com"]
[Date "2016.09.06"]
[Round "3"]
[White "DavidForthoffer"]
[Black "TrickyTrapChess"]
[Result "0-1"]
[WhiteElo "2063"]
[BlackElo "2136"]
[TimeControl "180+2"]
[EndTime "17:32:27 PDT"]
[Termination "TrickyTrapChess won by checkmate"]

1. d4 Nf6 2. c4 c5 3. d5 b5 4. cxb5 a6 5. bxa6 g6 6. b3 Bg7 7. Bb2 O-O 8. g3 d6 9. Bg2 Bxa6 10. Nh3 Nbd7 11. O-O Qa5 12. Bc3 Qc7 13. Nf4 Ne5 14. h4 Rfb8 15. Nd2 Nfd7 16. Qc2 c4 17. b4 Bb7 18. a3 Nb6 19. a4 Bh6 20. e4 Bxf4 21. gxf4 Ng4 22. a5 Nd7 23. b5 e5 24. a6 Bc8 25. Qa4 Nb6 26. Ba5 Qe7 27. Bxb6 Rxb6 28.
Qxc4 exf4 29. Nf3 Bd7 30. Qc7 Rxb5 31. a7 Rb3 32. Rab1 Rxf3 33. Rb8+ Kg7 34. Rxa8 Qxh4 35. Rg8+ Kh6 36. Ra1 Qxf2+ 37. Kh1 Rh3+ 38. Bxh3 Qh2# 0-1

[Event "*** Titled Tuesday 3|2 Blitz"]
[Site "Chess.com"]
[Date "2016.09.06"]
[Round "3"]
[White "Gabrielian_Artur"]
[Black "dretch"]
[Result "0-1"]
[WhiteElo "2522"]
[BlackElo "2621"]
[TimeControl "180+2"]
[EndTime "17:32:28 PDT"]
[Termination "dretch won by resignation"]

1. e4 e6 2. d4 d5 3. Nc3 Nf6 4. Bg5 dxe4 5. Nxe4 Be7 6. Bxf6 Bxf6 7. Nf3 Nd7 8. Bd3 c5 9. Qe2 Qa5+ 10. c3 cxd4 11. Nxf6+ Nxf6 12. Nxd4 O-O 13. O-O e5 14. Nb3 Qc7 15.
Rfe1 Re8 16. Bc2 Bg4 17. f3 Bd7 18. Nd2 Qb6+ 19. Qf2 Qxb2 20. Rec1 Qb5 21. Rab1 Qa6 22. Bb3 Rac8 23. Qe3 Bf5 24. Rb2 Qa3 25. Rbb1 Bxb1 26. Rxb1 Qc5 27. Qxc5 Rxc5 28. c4 e4 29. fxe4 Nxe4 30.
Re1 Nf6 31. Rc1 g6 32. Nf3 Kg7 33. Rd1 Re7 34. h3 b5 35. cxb5 Rxb5 36. Kh2 Rb4 37. Rd6 Ne4 38. Rc6 Rb6 39. Rc8 Nd6 40. Ra8 Nf5 41.
Rc8 Rd6 42. Rc3 Nd4 43. Nxd4 Rxd4 44. Rf3 f5 45. Rf2 Kf6 46. Rc2 Rd6 47. h4 h6 48.
g3 g5 49. hxg5+ hxg5 50. Kg2 g4 51. Rf2 Kg5 52. Bc2 Rd5 53. Bb3 Rde5 54. Bc4 Re3 55. Rb2 Rc3 56. Bf1 Ree3 57. Rb7 Rxg3+ 58. Kh2 Rgf3 59.
Bg2 Rc2 60. Kh1 Rff2 0-1

[Event "*** Titled Tuesday 3|2 Blitz"]
[Site "Chess.com"]
[Date "2016.09.06"]
[Round "3"]
[White "ZapataCharlesS"]
[Black "AllStarShark"]
[Result "1-0"]
[WhiteElo "2579"]
[BlackElo "2303"]
[TimeControl "180+2"]
[EndTime "17:32:30 PDT"]
[Termination "ZapataCharlesS won by resignation"]

1. e4 c6 2. d4 d5 3. exd5 cxd5 4. c4 Nf6 5. Nc3 e6 6. Nf3 Be7 7. Bd3 dxc4 8. Bxc4 O-O 9. O-O Nbd7 10. Re1 Nb6 11. Bb3 Nbd5 12. Ne5 Bd7 13. a3 Bc6 14.
Nxc6 bxc6 15. Ne4 c5 16. Nxc5 Bxc5 17. dxc5 Rc8 18. Bxd5 Nxd5 19. b4 a5 20. Bd2 axb4 21. axb4 Qd7 22. Ra3 Rb8 23. Rg3 Rfc8 24. Bc3 f6 25. Qd2 Qc6 26. Qh6 g6 27. h4 Nxc3 28.
Rxg6+ hxg6 29. Qxg6+ Kf8 30. Qxf6+ Kg8 31. Re5 Ne4 32.
Qg6+ Kf8 33. Rxe4 e5 34. Qf5+ Ke7 35. Rxe5+ Kd8 36. Qf8+ Kc7 37. Re7+ Qd7 38. Rxd7+ Kxd7 39. Qd6+ Ke8 40. c6 Rd8 41. Qe6+ Kf8 42. c7 1-0

[Event "*** Titled Tuesday 3|2 Blitz"]
[Site "Chess.com"]
[Date "2016.09.06"]
[Round "3"]
[White "andretta"]
[Black "MattyDPerrine"]
[Result "1-0"]
[WhiteElo "2280"]
[BlackElo "2194"]
[TimeControl "180+2"]
[EndTime "17:32:41 PDT"]
[Termination "andretta won by resignation"]

1. d4 Nf6 2. Bf4 c5 3. e3 e6 4.
c3 Nc6 5. Nf3 b6 6. h3 Bb7 7. Be2 Be7 8. O-O O-O 9. a4 Rc8 10.
Nbd2 d6 11. Bh2 Re8 12. Nc4 cxd4 13. exd4 Nd5 14. Qb3 Ba6 15. Rfe1 Bf8 16. Qa2 Bb7 17.
a5 b5 18. a6 Ba8 19. Na5 Qb6 20. Nxc6 Rxc6 21. Qa5 Rb8 22. Nd2 Qxa5 23. Rxa5 b4 24. c4 Nc7 25. b3 Rbb6 26. c5 Rb8 27. Bf3 d5 28. Rea1 Nb5 29. Bxb8 Nxd4 30. Bxa7 1-0

[Event "*** Titled Tuesday 3|2 Blitz"]
[Site "Chess.com"]
[Date "2016.09.06"]
[Round "3"]
[White "fidetrainerNET"]
[Black "Ksenia_Legenko"]
[Result "0-1"]
[WhiteElo "2174"]
[BlackElo "2011"]
[TimeControl "180+2"]
[EndTime "17:32:51 PDT"]
[Termination "Ksenia_Legenko won by checkmate"]

1. e4 c6 2. Nf3 d5 3. Nc3 Bg4 4. h3 Bxf3 5. Qxf3 e6 6. b3 Nd7 7. Bb2 Ngf6 8. O-O-O Be7 9. d4 dxe4 10. Nxe4 Nxe4 11.
Qxe4 Nf6 12. Qd3 Qa5 13. Kb1 Rd8 14. g4 Ba3 15. Bg2 Bxb2 16. Kxb2 O-O 17. g5 Nd5 18. a3 c5 19. Be4 g6 20. dxc5 Qxc5 21. Qd4 Qc7 22. Bxd5 Rxd5 23. Qxa7 Rxg5 24. Rd2 Rc8 25. Qe3 Rc5 26. c4 Re5 27. Qg3 Qc5 28. Rhd1 Rg5 29. Rd8+ Rxd8 30. Rxd8+ Kg7 31. Qc3+ e5 32. Qe3 Qe7 33.
Rd5 Rf5 34. a4 Qf6 35. a5 Rxf2+ 36. Ka3 Qe7+ 37. c5 Rf5 38. b4 Qf6 39. Ka4 Qc6+ 40.
b5 Qxd5 41. a6 bxa6 42. b6 Rf4+ 43. Ka5 Qa2+ 44. Qa3 Qxa3# 0-1

[Event "*** Titled Tuesday 3|2 Blitz"]
[Site "Chess.com"]
[Date "2016.09.06"]
[Round "3"]
[White "putinwarrior"]
[Black "Amethystical"]
[Result "1-0"]
[WhiteElo "2352"]
[BlackElo "2529"]
[TimeControl "180+2"]
[EndTime "17:33:09 PDT"]
[Termination "putinwarrior won by resignation"]

1. d4 Nf6 2. Bg5 d5 3. e3 c5 4.
Bd3 Nc6 5. c3 Bg4 6. Nf3 e6 7.
Nbd2 Be7 8. Qa4 O-O 9. Ne5 c4 10.
Bxf6 Nxe5 11. Bxh7+ Kxh7 12. Bxe5 f6 13. Bg3 a6 14. f3 Bf5 15. e4 Bg6 16. O-O b5 17. Qc2 b4 18. a3 b3 19. Qd1 Bd6 20. Qe1 Qc7 21. Bxd6 Qxd6 22. Qh4+ Kg8 23. Rae1 Rae8 24. e5 Qd7 25. f4 fxe5 26. Rxe5 Rf5 27. Rfe1 Qf7 28.
g3 Rxe5 29. Rxe5 Qf6 30. Nf3 Qxh4 31. Nxh4 Bd3 32. f5 Kf7 33. fxe6+ Rxe6 34. Rxe6 Kxe6 35.
Kf2 Be4 36. Ke3 Kf6 37. Nf3 Kf5 38. Ne5 Bg2 39. h4 Bh3 40. Nd7 Kg4 41. Kf2 Kf5 42. Nc5 Bg4 43. Ke3 a5 44. Nb7 a4 45. Nc5 Bh3 46. Nxa4 Kg4 47. Kf2 Kf5 48. Nc5 Bg4 49. a4 1-0

[Event "*** Titled Tuesday 3|2 Blitz"]
[Site "Chess.com"]
[Date "2016.09.06"]
[Round "3"]
[White "goingin33"]
[Black "ChessFrois"]
[Result "1-0"]
[WhiteElo "2183"]
[BlackElo "2027"]
[TimeControl "180+2"]
[EndTime "17:33:29 PDT"]
[Termination "goingin33 won by resignation"]

1. e4 c5 2. Nf3 d6 3. d4 cxd4 4. Qxd4 Nc6 5. Bb5 Bd7 6. Bxc6 Bxc6 7. Nc3 Nf6 8. Bg5 e6 9. O-O-O Be7 10. Rhe1 O-O 11.
Qd2 b5 12. Nd4 Qb6 13. Nxc6 Qxc6 14. Bxf6 Bxf6 15. Qxd6 Qc4 16. e5 Bg5+ 17. Kb1 b4 18. Re4 Qc8 19. Qxb4 Rb8 20. Qa3 Qb7 21. Rg4 Be7 22.
Qb3 Qc7 23. Qc4 Qxe5 24. Qd4 Qxd4 25. Rgxd4 Bf6 26. R4d3 Rfc8 27. Kc1 Bg5+ 28. Kb1 Bf6 29. Ka1 a5 30. a4 g6 31. R1d2 Rb4 32. Ka2 Bxc3 33.
Rxc3 Rxa4+ 34. Ra3 Rac4 35. c3 a4 36. Rd6 Ra8 37. Kb1 Kf8 38. Kc2 Ke7 39. Rd4 Rxd4 40. cxd4 Kd6 41. Kd3 Kd5 42. b3 e5 43. Rxa4 e4+ 44.
Ke3 Rc8 45. Ra5+ Ke6 46. Kxe4 Rc3 47. d5+ Kd6 48. Ra6+ Ke7 49. Rb6 f5+ 50. Ke5 Rc1 51. Rb7+ Ke8 52. d6 Re1+ 53. Kf6 Kd8 54. b4 1-0

[Event "*** Titled Tuesday 3|2 Blitz"]
[Site "Chess.com"]
[Date "2016.09.06"]
[Round "3"]
[White "spirals5"]
[Black "Viaje"]
[Result "1-0"]
[WhiteElo "2262"]
[BlackElo "2189"]
[TimeControl "180+2"]
[EndTime "17:33:42 PDT"]
[Termination "spirals5 won by resignation"]

1. e4 c5 2. Nc3 a6 3. g3 b5 4. Bg2 Bb7 5. d3 e6 6. f4 d5 7. exd5 b4 8. Ne4 exd5 9. Nf2 Nf6 10. Nf3 Be7 11. O-O d4 12. Re1 O-O 13. Ne4 Nbd7 14.
Bd2 Re8 15. Qe2 Bf8 16. Nxf6+ Nxf6 17. Qf1 Qc7 18. Rxe8 Rxe8 19. Re1 Qd8 20. Rxe8 Qxe8 21. Ne5 Bxg2 22. Qxg2 h6 23. Qb7 Bd6 24. Qxa6 Bxe5 25. fxe5 Qxe5 26. Qa8+ Kh7 27. Qf3 h5 28. b3 Kg8 29. h3 g6 30. Kf2 Kg7 31. Bf4 Qe6 32. Kg2 Nd5 33. Bd2 Nf6 34. Bg5 Nd5 35. Bd2 Nc3 36.
Bxc3 dxc3 37. Qe4 Qxe4+ 38. dxe4 Kf6 39. Kf3 Ke5 40. Ke3 f6 41. h4 g5 42. g4 hxg4 43.
h5 f5 44. h6 f4+ 45. Kf2 Kf6 46. e5+ Kg6 47. e6 g3+ 48. Kg2 Kh5 49. e7 Kg4 50.
e8=Q f3+ 51. Kg1 g2 52. Kf2 Kf4 53. Qf7+ 1-0

[Event "*** Titled Tuesday 3|2 Blitz"]
[Site "Chess.com"]
[Date "2016.09.06"]
[Round "3"]
[White "Iball95"]
[Black "SidArun"]
[Result "1-0"]
[WhiteElo "2478"]
[BlackElo "2002"]
[TimeControl "180+2"]
[EndTime "17:33:45 PDT"]
[Termination "Iball95 won by resignation"]

1. Nf3 e6 2. g3 g5 3. Bg2 Bg7 4. d4 h6 5. e4 c6 6. Nc3 d5 7.
h4 g4 8. Ne5 h5 9. exd5 cxd5 10. Qd3 Nc6 11. Qb5 Qb6 12. Qxb6 axb6 13. Nb5 Bxe5 14. dxe5 Ke7 15. Bf4 Bd7 16. c3 Nh6 17. Bg5+ Kf8 18. Bf6 Rh7 19. c4 Nb4 20. Kd2 dxc4 21.
Bxb7 Rb8 22. Nd6 Ng8 23. Bg5 Nd5 24. Bxd5 exd5 25. Kc3 Ne7 26. Rhd1 Be6 27. Bf6 Ng8 28. Bg5 Ne7 29. Nb5 Nc6 30. Bf6 Ke8 31. Nd4 Nxd4 32.
Kxd4 Kd7 33. a4 Rh6 34. b3 Rg6 35. bxc4 dxc4 36. Kc3+ Kc7 37. Be7 Re8 38. Bf6 Rgg8 39. Rd6 Ra8 40. Rb1 Ra6 41. a5 Rxa5 42. Rbxb6 Rd5 43. Rdc6+ Kd7 44. Rxc4 Rc8 45. Rb7+ 1-0

[Event "*** Titled Tuesday 3|2 Blitz"]
[Site "Chess.com"]
[Date "2016.09.06"]
[Round "3"]
[White "Chakraborty-ARZ"]
[Black "DanielNaroditsky"]
[Result "0-1"]
[WhiteElo "2321"]
[BlackElo "2722"]
[TimeControl "180+2"]
[EndTime "17:33:48 PDT"]
[Termination "DanielNaroditsky won by resignation"]

1. d4 Nf6 2. c4 d6 3. Nc3 Nbd7 4.
e4 e5 5. Nf3 Be7 6. Be2 O-O 7.
O-O c6 8. Re1 Qc7 9. Bf1 a6 10.
a4 a5 11. h3 Re8 12. Bg5 Nf8 13.
Bh4 Ng6 14. Bg3 Nh5 15. Bh2 Nhf4 16. c5 exd4 17. cxd6 Bxd6 18. Qxd4 Ne5 19. Nd2 Ne6 20.
Qe3 Bc5 21. Qe2 Nd4 22. Qd1 Rd8 23. Kh1 Be6 24. Qh5 f6 25. Rac1 Bf7 26. Qh4 Qe7 27. f4 Ng6 28. Qg3 Ne6 29. Nc4 Nexf4 30. Qf3 Ne6 31.
e5 f5 32. Qxf5 Nd4 33. Qg4 Be6 34. Qh5 Bb4 35. Nd6 Rf8 36. Re4 Nb3 37. Rce1 Nd2 38. Bd3 Nxe4 39. Bxe4 Rf2 40. Bg3 Rxb2 41. Re3 Rf8 42.
Kh2 Rb3 43. Nd5 cxd5 44. Rxb3 dxe4 45. Re3 Bd5 46. Nxe4 Bxe4 47. Rxe4 Qe6 48. Qe2 Bc5 49. Qb5 b6 50. Qe2 Ne7 51. h4 Nf5 52. Be1 Nd4 53.
Qh5 Rf5 54. Qg4 Rxe5 55. Qxe6+ Rxe6 0-1

[Event "*** Titled Tuesday 3|2 Blitz"]
[Site "Chess.com"]
[Date "2016.09.06"]
[Round "3"]
[White "Bishops83"]
[Black "tigra"]
[Result "0-1"]
[WhiteElo "2255"]
[BlackElo "2438"]
[TimeControl "180+2"]
[EndTime "17:33:50 PDT"]
[Termination "tigra won by resignation"]

1. e4 c5 2. Nc3 Nc6 3. Bb5 b6 4. Bxc6 dxc6 5. f4 e5 6. fxe5 Qh4+ 7. g3 Qd8 8. Nf3 Ne7 9. d3 Ng6 10. Bf4 Be7 11. Qd2 Bg4 12. Rf1 O-O 13. O-O-O Qc7 14. Kb1 Rad8 15. Ne2 Bxf3 16. Rxf3 Nxe5 17. Bxe5 Qxe5 18. Qf4 Qe6 19. Rdf1 Bf6 20. Qe3 Be5 21. h4 Rd7 22. Nf4 Qd6 23. g4 c4 24. dxc4 Qd4 25. Qxd4 Bxd4 26. Rd3 Rfd8 27. Rfd1 Rd6 28. Ne2 Be5 29.
Rxd6 Rxd6 30. Rxd6 Bxd6 31. Nd4 c5 32. Nb5 Bb8 33.
Kc1 g6 34. Kd2 Kg7 35. Ke3 Kf6 36. Kf3 Ke6 37. b3 Ke5 38. Nc3 h6 39. Nd5 Ke6 40. c3 Be5 41. Ke2 f5 42. exf5+ gxf5 43. Kf3 Bd6 44. Ne3 fxg4+ 45. Kxg4 Be5 46. Kh5 Bxc3 47.
Kxh6 Bd2 0-1

[Event "*** Titled Tuesday 3|2 Blitz"]
[Site "Chess.com"]
[Date "2016.09.06"]
[Round "3"]
[White "MbMaster"]
[Black "papapizza_old"]
[Result "1-0"]
[WhiteElo "2323"]
[BlackElo "2235"]
[TimeControl "180+2"]
[EndTime "17:34:08 PDT"]
[Termination "MbMaster won by checkmate"]

1. Nf3 d5 2. d4 Nf6 3. c4 e6 4. g3 Be7 5. Bg2 O-O 6. O-O dxc4 7. Ne5 Nc6 8. Bxc6 bxc6 9. Nxc6 Qe8 10. Nxe7+ Qxe7 11. Qa4 e5 12. dxe5 Qxe5 13. Nc3 Qe6 14. Bf4 Bb7 15. f3 Rfe8 16. e4 Bc6 17. Qa5 Rab8 18. Qxc7 Rxb2 19. Qxa7 Ra8 20. Qd4 Rc2 21. Rf2 Rxf2 22.
Qxf2 h6 23. a4 Qd7 24. Rd1 Qe8 25.
Rd4 Bxa4 26. Rxc4 Bd7 27. Rd4 Bh3 28. Rd1 Qc6 29. Nd5 Kh8 30. Nxf6 Qxf6 31. Be3 Qe6 32. g4 h5 33. Qh4 Qb3 34. Re1 Ra1 35. Rxa1 Qxe3+ 36. Qf2 Qg5 37. Kh1 hxg4 38. Rg1 Qf6 39. Qg3 Qxf3+ 40. Qxf3 gxf3 41. Rg3 f2 42. Rxh3+ Kg8 43.
Rf3 Kf8 44. Rxf2 Ke7 45. Kg2 Ke6 46. Kf3 f6 47. Ke3 g6 48. Ra2 f5 49. Ra6+ Kf7 50.
e5 g5 51. h4 gxh4 52. Kf4 h3 53. Kxf5 h2 54. Ra7+ Kg8 55. Ra1 Kf7 56. Rh1 Ke7 57. Rxh2 Kf7 58. Rh7+ Kg8 59. Ra7 Kh8 60. Kf6 Kg8 61.
e6 Kh8 62. Kg6 Kg8 63. Ra8# 1-0

[Event "*** Titled Tuesday 3|2 Blitz"]
[Site "Chess.com"]
[Date "2016.09.06"]
[Round "3"]
[White "lionheart95"]
[Black "Abrito99"]
[Result "0-1"]
[WhiteElo "2433"]
[BlackElo "2417"]
[TimeControl "180+2"]
[EndTime "17:34:12 PDT"]
[Termination "Abrito99 won by resignation"]

1. Nf3 Nf6 2. c4 g6 3. Nc3 Bg7 4. g3 d6 5. Bg2 O-O 6. O-O Nbd7 7. a3 c5 8. Rb1 Rb8 9. b4 b6 10. Qc2 Bb7 11. d3 a6 12. e4 Ng4 13. h3 Nge5 14.
Nxe5 Nxe5 15. bxc5 bxc5 16. Bd2 Nc6 17. Qa4 Nd4 18.
Nd5 e6 19. Ba5 Qg5 20. Ne3 Ne2+ 21. Kh2 Be5 22. Ng4 Bg7 23. Qc2 Nd4 24. Qa2 h5 25. Ne3 h4 26. Rfe1 Bc6 27. Rxb8 Rxb8 28. Bc7 Rb3 29.
Bxd6 hxg3+ 30. Bxg3 Rxd3 31. h4 Qh5 32. Rb1 Nf3+ 33.
Kh1 Bxe4 34. Qe2 Rd2 35. Rb8+ Kh7 36. Qf1 Be5 37. Rb3 Bxg3 38. fxg3 Qe5 39. Ng4 Qxg3 40. Bxf3 Qxh4+ 41. Kg1 Qg3+ 42. Kh1 Qh4+ 43. Kg1 Qg3+ 44. Kh1 Bxf3+ 45. Rxf3 Qxg4 46. Rxf7+ Kh6 47. Qf4+ Qxf4 48. Rxf4 Kg5 49. Re4 Kf5 50. Re1 Rc2 51. Rf1+ Ke5 52. Re1+ Kd6 53. Re4 Rc3 54. a4 Ra3 0-1

[Event "*** Titled Tuesday 3|2 Blitz"]
[Site "Chess.com"]
[Date "2016.09.06"]
[Round "3"]
[White "Goala"]
[Black "IamSchrodingersCat"]
[Result "0-1"]
[WhiteElo "2157"]
[BlackElo "2259"]
[TimeControl "180+2"]
[EndTime "17:34:30 PDT"]
[Termination "IamSchrodingersCat won by resignation"]

1. d4 Nf6 2. c4 e5 3. dxe5 Ng4 4.
Bf4 g5 5. Bg3 Bg7 6. Nf3 Nc6 7. h4 Ngxe5 8. Nxe5 Nxe5 9. e3 h6 10.
Nc3 d6 11. Be2 Be6 12. Rc1 O-O 13. hxg5 hxg5 14. Nd5 c6 15. Qc2 f5 16. Nc3 Nxc4 17. Bxc4 Bxc4 18. Ne4 Qa5+ 19. Nd2 Be6 20. Kf1 Qxa2 21.
Bxd6 Rf7 22. Ba3 Qd5 23. Rh5 Rd8 24. Nf3 g4 25. Nh4 Qe4 26. Qxe4 fxe4 27. Ng6 Rfd7 28. Ke1 Bf7 29. Rg5 Be6 30. Nf4 Re8 31. Nxe6 Rxe6 32.
Rxg4 Kf7 33. Rc4 b5 34. Rcxe4 Rxe4 35. Rxe4 a5 36. b3 Bc3+ 37. Ke2 Rd2+ 38. Kf3 Ra2 39. Bc1 Be1 40. Rf4+ Ke6 41. Kg3 Rc2 42. Ba3 b4 43. Bxb4 axb4 44. Rf8 c5 45. e4 Rc3+ 46. Kg4 Rxb3 47. f4 Rg3+ 48. Kh5 Rxg2 49. f5+ Ke5 50. Re8+ Kd4 51. f6 Rf2 52. e5 b3 53. Kg6 b2 54.
Rb8 Bb4 55. Rd8+ Kxe5 56. Rd1 Rxf6+ 57. Kg5 Rf2 58. Rb1 Rc2 59. Rxb2 Rxb2 0-1

[Event "*** Titled Tuesday 3|2 Blitz"]
[Site "Chess.com"]
[Date "2016.09.06"]
[Round "3"]
[White "WinnieTPooh"]
[Black "theprosecution1"]
[Result "0-1"]
[WhiteElo "1849"]
[BlackElo "2453"]
[TimeControl "180+2"]
[EndTime "17:34:49 PDT"]
[Termination "theprosecution1 won by resignation"]

1. d4 Nf6 2. c4 e6 3. Nf3 b6 4. g3 Ba6 5. Qc2 Bb7 6. Bg2 c5 7. d5 exd5 8. Nh4 g6 9. Nc3 Bg7 10. Bf4 O-O 11. Bd6 Re8 12. cxd5 Na6 13. O-O Nc7 14.
e4 Ng4 15. h3 Ne5 16. Bxc7 Qxc7 17. Nb5 Qb8 18. f4 g5 19. fxg5 a6 20. Nc3 Nc4 21. Rf3 Ne5 22. Rf4 Ng6 23. Nxg6 hxg6 24. Raf1 Re7 25. Kh2 Be5 26. R4f3 Kg7 27. Qf2 Qg8 28. Nd1 Rae8 29. Ne3 Bd4 30. Rf4 d6 31. Qf3 Bc8 32. Ng4 Bxg4 33. Qxg4 Qh8 34. h4 Be5 35. R4f3 Kg8 36. Bh3 Qh7 37. R1f2 b5 38.
b3 c4 39. Bf1 c3 40. Bd3 b4 41.
Qh3 a5 42. Kg2 Ra8 43. g4 Qg7 44. h5 gxh5 45. Qxh5 Qg6 46. Rf5 a4 47. Kf3 axb3 48.
axb3 Qxh5 49. gxh5 Ra3 50. Bc4 Rc7 51. Kg4 Rxc4 52.
bxc4 Ra7 53. g6 fxg6 54. hxg6 b3 55. Rf8+ Kg7 56. R8f7+ Rxf7 57. gxf7 Kf8 58. Kf5 c2 59. Rf1 b2 60. Ke6 c1=Q 0-1

[Event "*** Titled Tuesday 3|2 Blitz"]
[Site "Chess.com"]
[Date "2016.09.06"]
[Round "3"]
[White "michaelq2d5"]
[Black "ruifeng"]
[Result "0-1"]
[WhiteElo "2496"]
[BlackElo "2352"]
[TimeControl "180+2"]
[EndTime "17:35:41 PDT"]
[Termination "ruifeng won by resignation"]

1. d4 e6 2. c4 b6 3. Nc3 Bb7 4. a3 f5 5. d5 Be7 6. g3 Nf6 7. Bg2 e5 8. Nf3 d6 9. Ng5 Bc8 10. O-O O-O 11. b4 a5 12. Ne6 Bxe6 13. dxe6 e4 14.
Bb2 axb4 15. axb4 Rxa1 16. Qxa1 Nc6 17. Nd5 Nxd5 18. cxd5 Nxb4 19. Bxg7 Bf6 20. Bxf6 Qxf6 21. Qxf6 Rxf6 22. Rd1 Kf8 23. f3 exf3 24. Bxf3 Ke7 25. Rc1 Na6 26. Ra1 Nc5 27. Ra7 Kd8 28. Ra8+ Ke7 29.
Bh5 Rf8 30. Ra7 Rc8 31. Kf2 b5 32. Ke3 b4 33. Kd4 b3 34. Kc3 Kf6 35. e3 Rb8 36. e7 Kxe7 37. Rxc7+ Kf6 38. Kb2 Ke5 39. Bf3 Nd3+ 40.
Kb1 Rb5 41. Rc3 Nc5 42. Be2 Rb4 43. Bf3 Ra4 44. Bd1 Kxd5 45. Bxb3+ Nxb3 46. Rxb3 Ke4 47. Kc2 Ra2+ 48. Kc3 Kxe3 49. Rb6 d5 50. Re6+ Kf3 51.
Rh6 Ke3 52. Re6+ Kf3 53. Rh6 Ra7 54. Kd4 Rd7 55. Rh4 Kg2 56. Rh5 Kg1 57. Rxf5 Kxh2 58. Rg5 Kh3 59. Rg8 Kg2 60. Rg5 Kf3 61. Rg8 Kf2 62. Rg5 Kg2 63. Rg8 Rd6 64. Rg7 h6 65. Rg8 Kf3 66. Rg7 Ra6 67. Kxd5 Ra5+ 68. Kd4 Rg5 69. Rh7 h5 70. Kd3 Kxg3 71. Ke4 h4 72.
Ra7 h3 73. Ra3+ Kh4 74. Ra4 Rg4+ 0-1